 Dungeon Crawl Stone Soup version 0.28-a0-10-g964c8b829e (webtiles) character file.

Game seed: 6536778415776801056

145944 mandarbmax the Destroyer (level 17, -3/183 HPs)
             Began as an Octopode Earth Elementalist on July 25, 2021.
             Was an Initiate of Gozag.
             Slain by a centaur warrior (6 damage)
             ... on level 15 of the Dungeon on July 26, 2021.
             The game lasted 02:24:43 (47648 turns).

mandarbmax the Destroyer (OpEE)                    Turns: 47648, Time: 02:24:44

Health: -3/183     AC: 11    Str: 11    XL:     17   Next: 43%
Magic:  9/27       EV: 29    Int: 29    God:    Gozag
Gold:   3119       SH: 16    Dex: 25    Spells: 5/30 levels left

rFire   + + +      SeeInvis .   d - +8 hand axe of Hyerori {vorpal, *Corrode rElec Will+++ Int+4}
rCold   + . .      Faith    .   f - +3 warlock's mirror {reflect}
rNeg    + . .      Spirit   .   I - +2 hat of Kaol Himi {rF+ Int+2}
rPois   +          Reflect  +   S - amulet of reflection
rElec   +          Harm     .   Y - +4 ring of protection
rCorr   .          Rampage  .   W - +4 ring of evasion
Will    +++++                   T - +4 ring of protection
Stlth   ..........              L - ring of willpower
HPRegen 0.40/turn               R - ring of wizardry
MPRegen 0.20/turn               m - ring of Xom's Full Attention {rElec rF+++ rN+ Dex+5}
                                M - ring "Jetroyskitse" {Fly rElec rPois Dex+3}
                                Z - ring "Puugobom" {rElec rC+ Str+3 Dex+4}

@: berserking, flying, very quick
A: almost no armour, amphibious, 8 rings, camouflage 1, gelatinous body 1,
(nimble swimmer 1), tentacles
a: Renounce Religion, Potion Petition, Call Merchant, Bribe Branch


You were on level 15 of the Dungeon.
You worshipped Gozag.
Gozag was most pleased with you.
You visited 5 branches of the dungeon, and saw 25 of its levels.
You also visited: Ossuary, Gauntlet and Wizlab.

You collected 10011 gold pieces.
You spent 3908 gold pieces at shops.
You paid 2984 gold pieces to Gozag.

Inventory:

Hand Weapons
 d - the +8 hand axe of Hyerori (weapon) {vorpal, *Corrode rElec Will+++ Int+4}
   (You found it on level 1 of the Orcish Mines)

   It inflicts extra damage upon your enemies.
   Int:       It affects your intelligence (+4).
   rElec:     It insulates you from electricity.
   *Corrode:  It may corrode you when you take damage.
   Will:      It greatly increases your willpower.
 P - the +9 sword of Zonguldrok {reap}
   (You found it in a wizard's laboratory)

   Any living foe damaged by it may be reanimated upon death as a zombie
   friendly to the wielder, with an increasing chance as more damage is dealt.
Missiles
 b - 138 stones
 j - 6 curare-tipped darts
 X - 3 throwing nets
Armour
 f - the +3 warlock's mirror (worn) {reflect}
   (You acquired it on level 1 of the Lair of Beasts)

   It can block and reflect piercing ranged attacks and magical attacks against
   the wielder's willpower.
 I - the +2 hat of Kaol Himi (worn) {rF+ Int+2}
   (You acquired it on level 10 of the Dungeon)

   Int:       It affects your intelligence (+2).
   rF:        It protects you from fire.
Jewellery
 i - a ring of ice
 m - the ring of Xom's Full Attention (on tentacle) {rElec rF+++ rN+ Dex+5}
   (You bought it in a shop on level 2 of the Orcish Mines)

   [ring of positive energy]

   Dex:       It affects your dexterity (+5).
   rF:        It renders you almost immune to fire.
   rElec:     It insulates you from electricity.
   rN:        It protects you from negative energy.
 n - the ring of Joy {*Slow Fly rElec rN++ rCorr}
   (You found it in a Gauntlet)

   [ring of flight]

   rElec:     It insulates you from electricity.
   rN:        It greatly protects you from negative energy.
   Fly:       It grants you flight.
   rCorr:     It protects you from acid and corrosion.
   *Slow:     It may slow you when you take damage.
 o - a ring of magical power
 D - a ring of fire
 L - a ring of willpower (on tentacle)
 M - the ring "Jetroyskitse" (on tentacle) {Fly rElec rPois Dex+3}
   (You took it off a minotaur in a Gauntlet)

   [ring of poison resistance]

   Dex:       It affects your dexterity (+3).
   rElec:     It insulates you from electricity.
   rPois:     It protects you from poison.
   Fly:       It grants you flight.
 O - a ring of magical power
 Q - the ring of Wisdom {rPois SInv}
   (You found it on level 1 of the Lair of Beasts)

   [ring of poison resistance]

   rPois:     It protects you from poison.
   SInv:      It lets you see invisible.
 R - a ring of wizardry (on tentacle)
 S - an amulet of reflection (around mantle)
 T - a +4 ring of protection (on tentacle)
 U - a ring of protection from fire
 W - a +4 ring of evasion (right tentacle)
 Y - a +4 ring of protection (left tentacle)
 Z - the ring "Puugobom" (on tentacle) {rElec rC+ Str+3 Dex+4}
   (You acquired it on level 1 of the Orcish Mines)

   [ring of protection from cold]

   Str:       It affects your strength (+3).
   Dex:       It affects your dexterity (+4).
   rC:        It protects you from cold.
   rElec:     It insulates you from electricity.
Wands
 a - a wand of iceblast (20)
 c - a wand of acid (15)
 s - a wand of mindburst (3)
 H - a wand of paralysis (30)
 J - a wand of charming (30)
 N - a wand of polymorph (10)
Scrolls
 e - 7 scrolls of teleportation
 p - 2 scrolls of silence
 r - a scroll of blinking
 u - 3 scrolls of fear
 v - 2 scrolls of magic mapping
 y - 7 scrolls of fog
 z - a scroll of holy word
 F - 5 scrolls of amnesia
Potions
 h - 8 potions of attraction
 k - a potion of ambrosia
 q - 5 potions of mutation
 t - a potion of brilliance
 w - a potion of heal wounds
 x - 2 potions of cancellation
 A - 12 potions of curing
 B - 3 potions of resistance
 C - 4 potions of might
 G - a potion of invisibility
 K - a potion of lignification
Miscellaneous
 g - a lightning rod (4/4)
 l - a condenser vane
 V - a tin of tremorstones (2/2)


   Skills:
 - Level 13.0 Fighting
 - Level 13.0 Dodging
 - Level 10.0 Stealth
 - Level 10.0 Shields
 * Level 7.0 Spellcasting
 + Level 13.4 Conjurations
 - Level 5.0 Transmutations
 - Level 13.0 Earth Magic
 - Level 10.0 Evocations


You had 5 spell levels left.
You knew the following spells:

 Your Spells              Type           Power      Damage    Failure   Level
a - Sandblast             Erth           100%       2d20      1%          1
b - Stone Arrow           Conj/Erth      100%       3d13      1%          3
c - Passwall              Tmut/Erth      48%        N/A       1%          2
d - Petrify               Tmut/Erth      58%        N/A       1%          4
e - Lehudib's Crystal Sp  Conj/Erth      36%        10d9      47%         8
f - Orb of Destruction    Conj           36%        9d13      7%          7

Your spell library contained the following spells:

 Spells                   Type           Power      Damage    Failure   Level
 Corona                   Hex            11%        N/A       1%          1
 Wereblood                Tmut           39%        N/A       1%          2
 Ensorcelled Hibernation  Hex/Ice        20%        N/A       3%          2
 Slow                     Hex            10%        N/A       3%          2
 Sublimation of Blood     Necr           5%         N/A       3%          2
 Borgnjor's Vile Clutch   Necr/Erth      23%        N/A       4%          5
 Confusing Touch          Hex            10%        N/A       6%          3
 Summon Guardian Golem    Hex/Summ       10%        N/A       6%          3
 Tukima's Dance           Hex            10%        N/A       6%          3
 Vampiric Draining        Necr           5%         2d6       6%          3
 Animate Dead             Necr           5%         N/A       21%         4
 Olgreb's Toxic Radiance  Pois           10%        N/A       21%         4
 Spellforged Servitor     Conj/Summ      24%        N/A       69%         7
 Death Channel            Necr           5%         N/A       95%         6
 Summon Hydra             Summ           5%         N/A       100%        7


Dungeon Overview and Level Annotations

Branches:
Dungeon (15/15)            Temple (1/1) D:5            Lair (6/6) D:10
  Swamp (0/4) Lair:3        Snake (0/4) Lair:4        Slime (0/5) Lair:5
    Orc (2/2) D:12            Elf (1/3) Orc:2        Vaults (0/5) D:14
Ossuary (visited)          WizLab (visited)         Gauntlet (visited)
 Depths: D:15

Altars:
Ashenzari
Cheibriados
Dithmenos
Elyvilon
Fedhas
Gozag
Hepliaklqana
Kikubaaqudgha
Makhleb
Nemelex Xobeh
Okawaru
Qazlal
Ru
Sif Muna
Trog
Uskayaw
Vehumet
Wu Jian
Xom
Yredelemnul
Zin
The Shining One
Jiyva

Shops:
D:6 (   D:11 ![(   Orc:2 *:=?   Lair:5 !=

Portals:
Abyss: Lair:6

Annotations:
D:8 3 runed translucent doors, Rallik's ghost, novice GnEE
Lair:6 2 transporters, Pomiudiv's ghost, journeyman TeSu
Elf:1 6 runed translucent doors


Innate Abilities, Weirdness & Mutations

You cannot wear most types of armour.
You are amphibious.
You can wear up to eight rings at the same time.
Your skin changes colour to match your surroundings (Stealth+).
Your rubbery body absorbs attacks. (AC +1, EV +1)
((You are camouflaged near water. (Stealth+)))
You have tentacles for arms and can constrict up to eight enemies at once.


Message History

* * * LOW HITPOINT WARNING * * *
You block the meliai's attack. The meliai closely misses you.
You slash the meliai!
You kill the meliai!
The centaur warrior shoots an arrow.
The arrow hits you!
* * * LOW HITPOINT WARNING * * *
Unknown command.
You miss the meliai. Your grab misses the meliai.
The meliai is distracted by your dazzling golden aura.
Unknown command.
The meliai buzzes angrily.
You slash the meliai!
The meliai is no longer distracted by gold.
Your grab misses the meliai.
The meliai is heavily wounded.
You block the meliai's attack. x4
Unknown command.
You slice the meliai!!
You kill the meliai!
The centaur warrior shoots an arrow.
The arrow hits you.
* * * LOW HITPOINT WARNING * * *
The centaur warrior shoots an arrow.
The arrow hits you!!
* * * LOW HITPOINT WARNING * * *
Unknown command.
You are too berserk!
The centaur warrior unwields a +0 longbow.
The centaur warrior hits you but does no damage.
The centaur warrior kicks you but does no damage.
Items here: $ )) [[.
Okay, then.
You are too berserk!
You hit the centaur warrior. You squeeze the centaur warrior!
The centaur warrior is moderately wounded.
You block the centaur warrior's attack.
The centaur warrior kicks you but does no damage.
You slash the centaur warrior!
The centaur warrior is heavily wounded.
The centaur warrior hits you.
You die...
Your body crumbles into a pile of gold.

#.###....####..≈#
#......### ..##
####...# ##
##.######
#......# ######.#
#.# #.# #@# #.c#
...## ≈.)≈≈
≈≈≈≈≈≈≈ ≈......
.≈...≈# ≈≈...#


You could see a centaur warrior.

Vanquished Creatures
  An ancient lich (WizLab)
  Jorgrun (Orc:2)
  Rupert (Lair:5)
  Gastronok (Lair:2)
  An ancient champion (WizLab)
  An orc warlord (Orc:2)
  A deep elf sorcerer (Elf:1)
  A frost giant (Orc:1)
  3 deep elf demonologists (Elf:1)
  A minotaur (Gauntlet)
  Nessos (Lair:5)
  Azrael (Orc:2)
  2 ettins (Orc:1)
  Josephine (D:14)
  A deep elf high priest (Elf:1)
  Fannar (Lair:1)
  2 boulder beetles
  7 hydras
  3 centaur warriors
  A catoblepas (Lair:6)
  6 ogre magi
  Erica (D:9)
  A merfolk avatar (Lair:6)
  22 two-headed ogres
  2 death scarabs (Gauntlet)
  Urug (Lair:4)
  An orc high priest (Elf:1)
  A titan zombie (Orc:1)
  A tengu warrior (D:14)
  Sonja (Orc:2)
  A spectral catoblepas (Gauntlet)
  2 fire crabs (shapeshifter)
  2 deep elf knights (Elf:1)
  9 skeletal warriors
  A sea snake (Lair:6)
  A spectral hydra (Gauntlet)
  A harpy (Lair:6)
  2 bog bodies (Lair:3)
  A wizard (D:14)
  5 deep elf archers (Elf:1)
  An orc knight (D:14)
  7 deep elf pyromancers
  2 orc sorcerers
  8 deep elf zephyrmancers (Elf:1)
  3 oklob plants
  A stone giant zombie (Orc:1)
  A manticore (D:14)
  18 cyclopes
  7 ugly things
  9 elephants (Lair:6)
  Maurice (D:8)
  2 black mambas (Lair:6)
  2 gargoyles (D:12)
  10 cane toads
  A torpor snail (Gauntlet)
  Maggie (D:8)
  5 rime drakes
  Psyche (D:10)
  7 komodo dragons
  A kobold demonologist (D:14)
  5 yaktaurs
  A tengu conjurer (D:15)
  2 polar bears (Lair:6)
  A hornet (Lair:6)
  7 trolls
  6 meliai
  3 slime creatures (D:14)
  14 dream sheep
  A dream sheep (shapeshifter) (D:14)
  A snapping turtle (Lair:6)
  18 blink frogs
  A spectral dream sheep (Gauntlet)
  Sigmund (D:6)
  6 shadows
  2 wyverns
  3 fire elementals (Orc:2)
  52 yaks
  5 vampires
  9 wraiths
  A golden eye (shapeshifter) (D:13)
  6 steam dragons
  4 vampire mosquitoes
  Edmund (D:6)
  8 wargs
  A spectral cane toad (Gauntlet)
  2 acid dragons
  8 two-headed ogre zombies (WizLab)
  5 hell hounds (Orc:2)
  3 small abominations (Gauntlet)
  13 water moccasins
  A hornet zombie (D:9)
  3 black bears
  14 orc warriors
  3 sky beasts
  An ice beast (D:6)
  2 necrophages
  29 ogres
  The ghost of Spectrina the Sneak, an amateur DjDe of Elyvilon (D:7)
  14 wolves
  3 elf zombies (D:6)
  13 centaurs
  2 phantoms (D:5)
  5 kobold brigands
  2 cyclops zombies (Orc:1)
  13 bullfrogs
  A wyvern zombie (D:7)
  4 elf skeletons (D:6)
  2 scorpions
  A gnoll sergeant (D:7)
  A water moccasin skeleton (D:4)
  5 troll zombies (WizLab)
  9 killer bees
  6 wights (WizLab)
  2 electric eels
  3 howler monkeys
  4 centaur zombies
  3 hounds
  3 human zombies (D:6)
  16 orc priests
  6 hell rats
  7 iguanas
  18 orc wizards
  A scorpion zombie (D:5)
  A killer bee zombie (D:8)
  6 ogre zombies (WizLab)
  2 hound skeletons
  A mummy (Ossuary)
  A howler monkey skeleton (D:7)
  8 adders
  12 gnolls
  10 river rats (Lair:3)
  An adder skeleton (D:4)
  A worm (D:5)
  2 dart slugs (D:4)
  57 orcs
  4 ball pythons
  11 endoplasms
  5 giant cockroaches
  6 goblins
  9 hobgoblins
  17 jackals
  A quokka (D:2)
  8 bats
  3 frilled lizards
  5 gnoll skeletons (Ossuary)
  17 kobolds
  5 kobold skeletons (Ossuary)
  16 orc skeletons
  5 rats
  A bush (Lair:6)
785 creatures vanquished.

Vanquished Creatures (others)
  5 dancing weapons (Elf:1)
  A wind drake (Lair:6)
  An orc warrior (Orc:2)
  An ogre (Orc:2)
  A centaur (D:14)
  47 fungi
  57 plants
113 creatures vanquished.

Grand Total: 898 creatures vanquished

Notes
Turn   | Place    | Note
-------+----------+-------------------------------------------
     0 | D:1      | mandarbmax the Octopode Earth Elementalist began the quest
                  | for the Orb.
     0 | D:1      | Reached XP level 1. HP: 11/11 MP: 3/3
   228 | D:1      | Reached XP level 2. HP: 7/17 MP: 5/5
  1048 | D:1      | Reached XP level 3. HP: 10/21 MP: 4/6
  1839 | D:2      | Found a snail-covered altar of Cheibriados.
  2393 | D:2      | Reached XP level 4. HP: 27/27 MP: 4/7
  2476 | D:2      | Reached skill level 5 in Earth Magic
  2713 | D:3      | Found a faded altar of an unknown god.
  2868 | D:3      | Reached skill level 1 in Shields
  2876 | D:3      | Reached XP level 5. HP: 9/31 MP: 6/8
  3154 | D:3      | Learned a level 3 spell: Stone Arrow
  3217 | D:3      | Found a broken altar of Ashenzari.
  3561 | D:3      | Found an iron altar of Okawaru.
  3789 | D:4      | Reached XP level 6. HP: 30/36 MP: 9/9
  3918 | D:4      | Learned a level 2 spell: Passwall
  4226 | D:4      | Found a stormy altar of Qazlal.
  4807 | D:5      | Entered Level 5 of the Dungeon
  4821 | D:5      | Found a staircase to the Ecumenical Temple.
  4828 | D:5      | Noticed a sky beast
  4829 | D:5      | Noticed a sky beast
  4833 | Temple   | Entered the Ecumenical Temple
  4837 | Temple   | Killed a sky beast
  4838 | Temple   | Reached XP level 7. HP: 35/41 MP: 10/10
  4844 | Temple   | Became a worshipper of Gozag Ym Sagoz the Greedy
  5350 | D:5      | Reached XP level 8. HP: 42/46 MP: 1/11
  5808 | D:6      | Noticed a wraith
  5838 | D:6      | Reached skill level 1 in Fighting
  6009 | D:6      | Found a sand-covered staircase.
  6018 | Ossuary  | Entered an ossuary
  6018 | Ossuary  | Noticed a wraith
  6018 | Ossuary  | Noticed a wraith
  6018 | Ossuary  | Noticed a wraith
  6470 | Ossuary  | Noticed a wraith
  6498 | Ossuary  | Killed a wraith
  7021 | D:6      | Reached XP level 9. HP: 53/58 MP: 12/12
  7157 | D:6      | Reached skill level 5 in Dodging
  7354 | D:6      | Reached skill level 5 in Fighting
  7404 | D:6      | Found Eghaang's Antique Weapon Emporium.
  7783 | D:6      | Bought a fading hand axe for 144 gold pieces
  7783 | D:6      | Identified the +0 hand axe "Kyed" {vorpal, *Corrode +Rage
                  | Int+5} (You bought it in a shop on level 6 of the Dungeon)
  7999 | D:6      | Found a bloodstained altar of Trog.
  8322 | D:6      | Noticed Edmund
  8328 | D:6      | Killed Edmund
  8517 | D:6      | Noticed Sigmund
  8519 | D:6      | Killed Sigmund
  8680 | D:7      | Upgraded the game from 0.28-a0-8-g6e044cfa68 to
                  | 0.28-a0-10-g964c8b829e
  8900 | D:7      | Found a runed translucent door.
  8900 | D:7      | Noticed Spectrina's ghost (amateur DjDe)
  8943 | D:7      | Reached XP level 10. HP: 71/71 MP: 13/13
  9009 | D:7      | Found a shimmering altar of Xom.
  9013 | D:7      | Found a radiant altar of Vehumet.
  9679 | D:7      | Found a burning altar of Makhleb.
  9797 | D:7      | Identified the +1 chain mail "Utibren" {Str+5 Dex+4}
 10223 | D:7      | Killed Spectrina's ghost
 11392 | D:8      | Found a shadowy altar of Dithmenos.
 11469 | D:8      | Found a runed translucent gate.
 11475 | D:8      | Found a runed translucent gate.
 11484 | D:8      | Found a runed translucent gate.
 11493 | D:8      | Noticed Maggie
 11501 | D:8      | Killed Maggie
 11619 | D:8      | Found a sparkling altar of Nemelex Xobeh.
 11619 | D:8      | Noticed a two-headed ogre
 11626 | D:8      | Killed a two-headed ogre
 12114 | D:8      | Noticed Rallik's ghost (novice GnEE)
 12427 | D:8      | Noticed Maurice
 12430 | D:8      | Paralysed by Maurice for 4 turns
 12437 | D:8      | Killed Maurice
 13090 | D:9      | Reached XP level 11. HP: 63/80 MP: 2/14
 13389 | D:9      | Reached skill level 10 in Dodging
 13416 | D:9      | Noticed Erica
 13643 | D:9      | Killed Erica
 13644 | D:9      | Reached skill level 10 in Fighting
 14567 | D:10     | Entered Level 10 of the Dungeon
 15197 | D:10     | Found a shimmering blue altar of Sif Muna.
 15281 | D:10     | Found a staircase to the Lair.
 15350 | D:10     | Noticed Psyche
 15370 | D:10     | Reached skill level 1 in Conjurations
 16057 | D:10     | Noticed a red ugly thing
 16147 | D:10     | Killed Psyche
 16403 | D:10     | Identified 2 scrolls of acquirement
 16403 | D:10     | Acquired the +9 staff of Wucad Mu {*channel}
 16404 | D:10     | Found the +9 staff of Wucad Mu {*channel}
 16406 | D:10     | Acquired the +2 hat of Kaol Himi {rF+ Int+2}
 16573 | D:11     | Noticed a deep elf pyromancer
 16583 | D:11     | Killed a deep elf pyromancer
 16839 | Lair:1   | Entered Level 1 of the Lair of Beasts
 17199 | Lair:1   | Reached skill level 10 in Earth Magic
 17270 | Lair:1   | Identified the ring of Wisdom {rPois SInv}
 17864 | Lair:1   | Acquired the +3 warlock's mirror {reflect}
 17865 | Lair:1   | Found the +3 warlock's mirror {reflect}
 17927 | Lair:1   | Reached skill level 5 in Shields
 17933 | Lair:1   | Reached XP level 12. HP: 80/88 MP: 2/15
 18760 | Lair:2   | Noticed a seven-headed hydra
 18767 | Lair:2   | Learned a level 4 spell: Petrify
 19120 | Lair:2   | Noticed Gastronok
 19120 | Lair:2   | Noticed Fannar
 19193 | Lair:1   | Killed Fannar
 19194 | Lair:1   | Reached skill level 5 in Stealth
 19728 | Lair:2   | Killed Gastronok
 20649 | Lair:2   | Killed a seven-headed hydra
 21318 | Lair:3   | Noticed a four-headed hydra
 21324 | Lair:3   | Killed a four-headed hydra
 21428 | Lair:3   | Reached skill level 5 in Transmutations
 21430 | Lair:3   | Reached skill level 5 in Evocations
 22838 | Lair:3   | Found a staircase to the Swamp.
 22848 | Lair:3   | Reached XP level 13. HP: 95/95 MP: 13/16
 23486 | Lair:4   | Reached skill level 10 in Stealth
 23746 | Lair:4   | Found a blossoming altar of Fedhas.
 24646 | Lair:4   | Found a staircase to the Snake Pit.
 24866 | Lair:4   | Noticed Urug
 24879 | Lair:4   | Killed Urug
 25701 | Lair:5   | Bought an amulet of reflection for 540 gold pieces
 25701 | Lair:5   | Bought a +4 ring of protection for 648 gold pieces
 26248 | Lair:5   | Noticed Nessos
 26251 | Lair:5   | Killed Nessos
 26638 | Lair:5   | Found a viscous altar of Jiyva.
 26638 | Lair:5   | Found a staircase to the Slime Pits.
 26786 | Lair:5   | Noticed Rupert
 26820 | Lair:5   | Killed Rupert
 27392 | Lair:6   | Entered Level 6 of the Lair of Beasts
 27554 | Lair:6   | Found a shimmering altar of Xom.
 27604 | Lair:6   | Reached skill level 5 in Conjurations
 27690 | Lair:6   | Found a gate leading to a gauntlet.
 27701 | Gauntlet | Entered a Gauntlet
 27701 | Gauntlet | Found a transporter.
 27854 | Gauntlet | Found a transporter.
 27856 | Gauntlet | Found a transporter.
 27869 | Gauntlet | Found a transporter.
 27870 | Gauntlet | Found a transporter.
 27887 | Gauntlet | Found a transporter.
 27900 | Gauntlet | Found a transporter.
 27912 | Gauntlet | Found a transporter.
 27920 | Gauntlet | Noticed a green death
 27924 | Gauntlet | Found a transporter.
 27925 | Gauntlet | Found a runed translucent door.
 27939 | Gauntlet | Found a runed translucent door.
 27943 | Gauntlet | Found a transporter.
 27956 | Gauntlet | Found a runed translucent gate.
 27957 | Gauntlet | Found a runed translucent gate.
 27957 | Gauntlet | Found a transporter.
 27957 | Gauntlet | Found a transporter.
 27958 | Gauntlet | Found a runed translucent gate.
 28003 | Gauntlet | Found a transporter.
 28017 | Gauntlet | Found a transporter.
 28146 | Gauntlet | Reached XP level 14. HP: 103/103 MP: 17/17
 28550 | Gauntlet | Identified the ring of Joy {*Slow Fly rElec rN++ rCorr}
 28949 | Gauntlet | Identified the ring "Jetroyskitse" {Fly rElec rPois Dex+3}
 29385 | Lair:6   | Noticed Pomiudiv's ghost (journeyman TeSu)
 29960 | Lair:6   | Found a transporter.
 29965 | Lair:6   | Found a transporter.
 29989 | Lair:6   | Found a one-way gate to the infinite horrors of the Abyss.
 30063 | Lair:5   | Bought a +4 ring of evasion for 648 gold pieces
 32352 | D:11     | Found Ataulir's Antique Weapon Emporium.
 32352 | D:11     | Found Ynejicw's Armour Shoppe.
 32618 | D:11     | Found Mujutz's Distillery.
 34034 | D:12     | Found a staircase to the Orcish Mines.
 34114 | D:11     | Reached XP level 15. HP: 45/109 MP: 0/18
 34985 | Orc:1    | Entered Level 1 of the Orcish Mines
 35186 | Orc:1    | Acquired the ring "Puugobom" {rElec rC+ Str+3 Dex+4}
 37024 | Orc:1    | Noticed a frost giant
 37034 | Orc:1    | Found the +5 sword of Power {vorpal}
 37034 | Orc:1    | Identified the +12 spear "Jellybane" {freeze, rElec}
 37040 | Orc:1    | Killed a frost giant
 37055 | Orc:1    | HP: 3/110 [ettin (40)]
 37057 | Orc:1    | Identified the +8 hand axe of Hyerori {vorpal, *Corrode
                  | rElec Will+++ Int+4}
 37061 | Orc:1    | Reached skill level 10 in Shields
 37109 | Orc:1    | Identified the +6 long sword of Heveubaq {vorpal, rC+}
 37789 | Orc:2    | Entered Level 2 of the Orcish Mines
 37944 | Orc:2    | Noticed Sonja
 37955 | Orc:2    | Killed Sonja
 37961 | Orc:2    | Noticed Azrael
 37999 | Orc:2    | HP: 3/110 [Azrael/damnation (6)]
 38007 | Orc:2    | Killed Azrael
 38883 | Orc:2    | Reached skill level 10 in Evocations
 38897 | Orc:2    | Found Uriuq's Jewellery Emporium.
 38897 | Orc:2    | Found Vuntu's Magic Scroll Shop.
 38907 | Orc:2    | Found Ludghoask's Assorted Antiques.
 38907 | Orc:2    | Found Pirud's Book Emporium.
 39016 | Orc:2    | Bought the Tome of the Toxic Rocks for 504 gold pieces
 39017 | Orc:2    | Bought a twisted jewelled staff for 444 gold pieces
 39017 | Orc:2    | Bought a twisted copper ring for 185 gold pieces
 39033 | Orc:2    | Learned a level 8 spell: Lehudib's Crystal Spear
 39035 | Orc:2    | Bought the ring of Xom's Full Attention {rElec rF+++ rN+
                  | Dex+5} for 795 gold pieces
 39295 | Orc:2    | Noticed Jorgrun
 39310 | Orc:2    | Killed Jorgrun
 39311 | Orc:2    | Reached XP level 16. HP: 67/117 MP: 3/23
 39482 | Orc:2    | Found a staircase to the Elven Halls.
 39537 | Orc:2    | Reached skill level 5 in Spellcasting
 39944 | Elf:1    | Entered Level 1 of the Elven Halls
 39993 | Elf:1    | Found a magical portal.
 40009 | WizLab   | Entered Zonguldrok's Shrine
 40674 | WizLab   | Noticed an ancient champion
 41276 | WizLab   | Killed an ancient champion
 41277 | WizLab   | Reached skill level 10 in Conjurations
 41295 | WizLab   | Noticed an antique lich
 41320 | WizLab   | Killed an antique lich
 41352 | WizLab   | Found the +9 sword of Zonguldrok {reap}
 42631 | Elf:1    | Noticed an Executioner
 42824 | Elf:1    | Found a runed translucent gate.
 42824 | Elf:1    | Found a runed translucent gate.
 42824 | Elf:1    | Found a runed translucent gate.
 42824 | Elf:1    | Found a runed translucent gate.
 42824 | Elf:1    | Found a runed translucent gate.
 42826 | Elf:1    | Found a runed translucent gate.
 42828 | Elf:1    | Noticed a storm dragon
 44314 | D:13     | Learned a level 7 spell: Orb of Destruction
 44335 | D:13     | Reached XP level 17. HP: 122/122 MP: 9/24
 45171 | D:14     | Noticed Josephine
 45281 | D:14     | Killed Josephine
 47252 | D:14     | Found a gate to the Vaults.
 47397 | D:15     | Entered Level 15 of the Dungeon
 47645 | D:15     | HP: 3/183 [centaur warrior/arrow (19)]
 47648 | D:15     | Slain by a centaur warrior

Illustrated notes

Levels and vault maps discovered:
D:1:      minmay_arrival_five_plusses, layout_basic, serial_glass,
          glass_columns_c, glass_columns_a, serial_park_tiny_2
D:2:      layout_loops_ring, basic_altar, minmay_misc_feat_chi,
          minmay_tetromino_i4
D:3:      layout_basic, evilmike_ruin_ashenzari, okawaru_ov_weapons_minmay,
          dreamdust_ecumenical_altar_statues, st_stairs_12, chequers_jeans
D:4:      layout_loops_cross, nicolae_qazlal_eye_of_the_storm,
          minmay_increasing_density
D:5:      layout_cave_pools, minmay_temple_entry_glass, hangedman_glass_teeth
D:6:      layout_basic, kennysheep_mini, nicolae_ossuary_entry_catacombs,
          nicolae_inconvenience_store, sigmund_edmund_badplayer
D:7:      layout_layer_cave, mainiacjoe_overflow_24_doors, jmf_multi_god_temple,
          gammafunk_ghost_grave, supply_closet_lemuel
D:8:      layout_layer_cave, mainiacjoe_overflow_six_doors_small,
          amcnicky_altar_gilded, ebering_ghost_rock_garden, uniq_maurice,
          uniq_maggie
D:9:      layout_irregular_city, uniq_erica
D:10:     layout_loops_ring, tgw_sif, lair_entry_dummy,
          minmay_fractal_squares_5, uniq_psyche
D:11:     layout_basic, nicolae_wooded_promenade
D:12:     layout_cave_pools
D:13:     layout_small_grid, kennysheep_generic_room_7
D:14:     layout_gridville, hangedman_vaults_entry_quadrant_bands, minivault_24,
          uniq_josephine
D:15:     hangedman_depths_entry_try_elsewhere_first, layout_loops_ring,
          serial_rivers, chequers_serial_rivers_large_b,
          chequers_serial_rivers_large_a, chequers_serial_rivers_small_3,
          chequers_serial_rivers_micro_a
Temple:   nicolae_temple_no_exploring_needed
Lair:1:   layout_regular_city, minmay_holes, nicolae_quartered_pool_super
Lair:2:   layout_chaotic_city, serial_bayou_shore_b, uniq_fannar, uniq_gastronok
Lair:3:   layout_cellular_growth, nicolae_swamp_entry_splash_gauntlet,
          kennysheep_rathole
Lair:4:   statuecave_lemuel, layout_concentric_octagons, hangedman_tree_tricks,
          serial_bayou_shore_a, grunt_megastairs_5, serial_bayou_shore_b,
          uniq_urug
Lair:5:   layout_cave_pods, dpeg_slime_entry_enclosed_altar, grunt_megastairs_3,
          serial_bayou_shore_b, uniq_rupert, uniq_nessos
Lair:6:   gammafunk_lair_ancient_temple, layout_misc_corridors,
          gauntlet_entry_generic, basic_altar, gammafunk_ghost_abyssal_escape,
          minmay_lair_oklob_bushes
Orc:1:    giant_chief_lemuel, layout_diamond_mine
Orc:2:    st_orc_ogre_mass, layout_diamond_mine, uniq_azrael, uniq_jorgrun,
          uniq_sonja
Elf:1:    eino_elf_arrival_the_gate, layout_loops_corners,
          infiniplex_enter_wizlab_water, hangedman_elf_represent, orc_legates

Skill      XL: |  1  2  3  4  5  6  7  8  9 10 11 12 13 14 15 16 17 |
---------------+----------------------------------------------------+-----
Earth Magic    | 4 5 6 8 9 10 12 13 | 13.0
Shields        | 1 2 3 4 5 7 10 | 10.0
Fighting       | 4 7 9 10 11 12 13 | 13.0
Dodging        | 4 7 9 11 12 13 | 13.0
Conjurations   | 4 5 8 12 13 | 13.4
Stealth        | 7 10 | 10.0
Transmutations | 5 |  5.0
Evocations     | 6 10 | 10.0
Spellcasting   | 4 5 7 |  7.0

Action                   |  1- 3 |  4- 6 |  7- 9 | 10-12 | 13-15 | 16-18 || total
-------------------------+-------+-------+-------+-------+-------+-------++-------
Melee: Unarmed           |    30 |       |       |       |       |       ||    30
       Constrict         |    12 |    14 |    20 |    22 |    54 |    41 ||   163
       Tentacles         |    11 |    10 |    32 |    24 |   168 |   109 ||   354
       Whip              |    34 |    42 |    90 |       |       |       ||   166
       Hand axe          |       |       |    29 |   103 |       |   272 ||   404
       Staff             |       |       |       |    70 |   480 |       ||   550
       Rapier            |       |       |       |       |    37 |       ||    37
       Long sword        |       |       |       |       |   101 |    11 ||   112
       Double sword      |       |       |       |       |       |    12 ||    12
 Cast: Sandblast         |    21 |    40 |    56 |   163 |   138 |     3 ||   421
       Stone Arrow       |       |    28 |    89 |   214 |   367 |   109 ||   807
       Passwall          |       |     2 |     1 |       |       |       ||     3
       Petrify           |       |       |       |     6 |    15 |     2 ||    23
       Orb of Destructio |       |       |       |       |       |    54 ||    54
Invok: Potion Petition   |       |       |       |     1 |     4 |       ||     5
       Call Merchant     |       |       |       |       |     2 |       ||     2
Evoke: Wand              |       |       |       |    17 |    38 |    16 ||    71
       Tin of tremorston |       |       |       |       |     3 |     3 ||     6
       Lightning rod     |       |       |       |       |     8 |     6 ||    14
  Use: Scroll            |       |     7 |     7 |    19 |     8 |     4 ||    45
       Potion            |       |       |     2 |     5 |    10 |     4 ||    21
 Stab: Sleeping          |    12 |     4 |     1 |     4 |     7 |     4 ||    32
       Distracted        |       |       |       |     3 |     5 |     2 ||    10
       Petrified         |       |       |       |       |    24 |     5 ||    29
       Invisible         |       |       |       |       |     2 |       ||     2
Armor: Skin              |     4 |     4 |    26 |    19 |    79 |    51 ||   183
Dodge: Dodged            |    48 |    39 |    59 |   281 |   539 |   326 ||  1292
Block: Buckler           |       |     9 |    28 |   129 |   572 |   343 ||  1081
       Reflection        |       |       |       |       |    30 |    34 ||    64
       Rpst.: Long sword |       |       |       |       |    26 |     1 ||    27
       Double sword      |       |       |       |       |       |     2 ||     2

Table legend: (Time is in decaauts)
 A = Elapsed time spent in this place.
 B = Non-inter-level travel time spent in this place.
 C = Inter-level travel time spent in this place.
 D = Time resting spent in this place.
 E = Time spent auto-exploring this place.
 F = Levels seen in this place.
 G = Mean time per level.
                   A        B        C        D        E       F      G
               +--------+--------+--------+--------+--------+-----+--------+
         Total |  47951 |  46746 |   1205 |  17369 |  21660 |  28 | 1712.5 |
       Dungeon |  23789 |  23123 |    666 |   7731 |  11941 |  15 | 1585.9 |
        Temple |     51 |     51 |      0 |     33 |      0 |   1 |   51.0 |
          Lair |  13437 |  13076 |    361 |   5170 |   5846 |   6 | 2239.5 |
  Orcish Mines |   5098 |   4962 |    136 |   2125 |   1882 |   2 | 2549.0 |
   Elven Halls |   1699 |   1658 |     41 |    466 |    970 |   1 | 1699.0 |
       Ossuary |    747 |    747 |      0 |    440 |    199 |   1 |  747.0 |
        Wizlab |   1596 |   1596 |      0 |    806 |    341 |   1 | 1596.0 |
      Gauntlet |   1530 |   1530 |      0 |    597 |    481 |   1 | 1530.0 |
               +--------+--------+--------+--------+--------+-----+--------+

Top non-repeatable levels by time:
   Orc:1: 2924 daAuts
  Lair:5: 2612 daAuts
  Lair:1: 2523 daAuts
  Lair:4: 2306 daAuts
     D:8: 2285 daAuts
  Lair:6: 2209 daAuts
     D:7: 2187 daAuts
   Orc:2: 2173 daAuts
  Lair:3: 2120 daAuts
    D:13: 2060 daAuts
     D:9: 2003 daAuts
     D:6: 1995 daAuts
    D:11: 1964 daAuts
    D:14: 1800 daAuts
    D:12: 1800 daAuts
